 Dungeon Crawl Stone Soup version 0.27-a0-385-g3208abaabc (webtiles) character file.

Game seed: 14734224791032788018

133518 kae the Alchemist (level 16, -10/165 (168) HPs)
             Began as a Demonspawn Transmuter on Feb 18, 2021.
             Was a Priest of Ru.
             Shot with a bolt by a naga sharpshooter (16 damage)
             ... on level 2 of the Snake Pit.
             The game lasted 00:31:08 (40142 turns).

kae the Alchemist (Demonspawn Transmuter)          Turns: 40142, Time: 00:31:08

HP:   -10/165 (168) AC: 16    Str: 26    XL:     16   Next: 60%
MP:   0/27          EV: 16    Int: 17    God:    Ru [***...]
Gold: 2381          SH:  0    Dex: 15    Spells: 15/35 levels left

rFire    + + +     SeeInvis .     - Unarmed
rCold    . . .     Faith    .   (shield currently unavailable)
rNeg     . . .     Spirit   +   (armour currently unavailable)
rPois    +         Reflect  .   (helmet currently unavailable)
rElec    +         Harm     .   (cloak currently unavailable)
rCorr    .         Rampage  .   (gloves currently unavailable)
Will     +++..                  (boots currently unavailable)
Stlth    +.........             f - amulet of guardian spirit
HPRegen  0.37/turn              N - ring of the Crushed Persimmons {*Contam rElec rF++ Will+ Int+6}
MPRegen  0.20/turn              k - ring of ice

@: agile, about to teleport, dragon-form, no potions, flying, lightly drained
A: giant, dopey 2, frail 1, ignite blood 2, low mp 1, strong-willed 1, powered
by pain 3, inability to drink while threatened, hated by all, MP-powered wands
a: Breathe Fire, Stop Flying, End Transformation, Renounce Religion, Draw Out
Power


You were on level 2 of the Snake Pit.
You worshipped Ru.
Ru was most pleased with you.
You were a fearsome dragon!
You visited 5 branches of the dungeon, and saw 26 of its levels.
You also visited: Bailey, Gauntlet, Ice Cave and Volcano.

You collected 3614 gold pieces.
You spent 1233 gold pieces at shops.

Inventory:

Armour
 g - a +3 leather armour of poison resistance (melded)
 i - the +0 robe of Lekij {rF+ Int+2}
   (You bought it in a shop on level 4 of the Dungeon)

   It affects your intelligence (+2).
   It protects you from fire.
 s - a +2 pair of boots of rampaging
 I - the +2 pair of boots "Uloal" (melded) {Str+3 Dex+4}
   (You found it in a Gauntlet)

   It affects your strength (+3).
   It affects your dexterity (+4).
 K - a +2 cloak of poison resistance (melded)
 P - a +0 cloak of fire resistance
 W - +0 storm dragon scales
Jewellery
 c - a ring of positive energy
 d - a +4 ring of protection
 e - a ring of willpower
 f - an amulet of guardian spirit (around neck)
 k - a ring of ice (right foreclaw)
 l - a +4 ring of slaying {unknown}
 m - an amulet of faith
 p - a ring of see invisible
 q - a ring of fire
 u - a +4 ring of protection
 w - an amulet of the acrobat
 x - a ring of poison resistance
 J - an amulet of reflection
 N - the ring of the Crushed Persimmons (left foreclaw) {*Contam rElec rF++ Will+ Int+6}
   (You found it on level 3 of the Lair of Beasts)

   [ring of intelligence]

   It affects your intelligence (+6).
   It greatly protects you from fire.
   It insulates you from electricity.
   It affects your willpower, your defense against some magical effects.
   It causes magical contamination when unequipped.
 V - the ring "Cafun" {+Fly rN+ Str+4 Stlth+}
   (You found it on level 13 of the Dungeon)

   [ring of flight]

   It affects your strength (+4).
   It protects you from negative energy.
   It lets you fly.
   It makes you more stealthy.
 Y - a ring of wizardry
 Z - a ring of ice
Wands
 y - a wand of iceblast (23)
 B - a wand of random effects (25)
 E - a wand of paralysis (20)
 F - a wand of flame (29)
 L - a wand of polymorph (23)
 R - a wand of digging (19)
 T - a wand of acid (16)
Scrolls
 b - 5 scrolls of identify
 v - 4 scrolls of enchant weapon
 A - 4 scrolls of amnesia
 C - 6 scrolls of teleportation
 D - 5 scrolls of magic mapping
 M - 2 scrolls of enchant armour
 S - 3 scrolls of vulnerability
Potions
 h - 7 potions of heal wounds
 j - 4 potions of flight
 n - 6 potions of attraction
 o - 3 potions of brilliance
 r - 13 potions of curing
 t - 4 potions of invisibility
 z - 3 potions of lignification
 G - 2 potions of berserk rage
 H - 2 potions of might
 O - 3 potions of resistance
 Q - 3 potions of haste
 U - a potion of mutation


   Skills:
 - Level 11.0 Fighting
 - Level 5.0 Armour
 - Level 10.1 Dodging
 - Level 14.0 Unarmed Combat
 - Level 10.1 Spellcasting
 * Level 15.7 Transmutations
 - Level 4.0 Ice Magic
 - Level 2.0 Poison Magic


You had 15 spell levels left.
You knew the following spells:

 Your Spells              Type           Power        Failure   Level
a - Beastly Appendage     Tmut           100%         0%          1
b - Spider Form           Tmut/Pois      19%          1%          3
c - Ice Form              Ice/Tmut       58%          1%          4
d - Blade Hands           Tmut           29%          1%          5
e - Dragon Form           Tmut           29%          11%         7

Your spell library contained the following spells:

 Spells                   Type           Power        Failure   Level
 Freeze                   Ice            100%         1%          1
 Sting                    Tmut/Pois      100%         1%          1
 Wereblood                Tmut           58%          1%          2
 Hydra Form               Tmut           29%          1%          6
 Ignite Poison            Fire/Tmut/Pois 28%          2%          3
 Frozen Ramparts          Ice            66%          4%          3
 Ozocubu's Armour         Ice            33%          4%          3
 Alistair's Intoxication  Tmut/Pois      25%          6%          5
 Apportation              Tloc           16%          9%          1
 Corona                   Hex            8%           9%          1
 Foxfire                  Conj/Fire      32%          9%          1
 Magic Dart               Conj           32%          9%          1
 Shock                    Conj/Air       32%          9%          1
 Poisonous Vapours        Pois/Air       24%          9%          2
 Irradiate                Conj/Tmut      17%          10%         5
 Searing Ray              Conj           16%          13%         2
 Slow                     Hex            8%           13%         2
 Swiftness                Air            8%           13%         2
 Mephitic Cloud           Conj/Pois/Air  10%          19%         3
 Dazzling Flash           Conj/Hex       16%          26%         3
 Inner Flame              Hex/Fire       8%           26%         3
 Lesser Beckoning         Tloc           4%           26%         3
 Portal Projectile        Hex/Tloc       16%          26%         3
 Static Discharge         Conj/Air       8%           26%         3
 Hailstorm                Conj/Ice       23%          36%         4
 Olgreb's Toxic Radiance  Pois           15%          36%         4
 Statue Form              Tmut/Erth      23%          45%         6
 Airstrike                Air            4%           63%         4
 Cause Fear               Hex            4%           63%         4
 Fulminant Prism          Conj/Hex       4%           63%         4
 Iskenderun's Mystic Bla  Conj/Tloc      8%           63%         4
 Leda's Liquefaction      Hex/Erth       4%           63%         4
 Bolt of Magma            Conj/Fire/Erth 4%           93%         5
 Fireball                 Conj/Fire      4%           93%         5
 Lightning Bolt           Conj/Air       4%           93%         5
 Invisibility             Hex            8%           100%        6
 Summon Small Mammal      Summ           Unusable     N/A         1
 Call Imp                 Summ           Unusable     N/A         2
 Call Canine Familiar     Summ           Unusable     N/A         3
 Summon Guardian Golem    Hex/Summ       Unusable     N/A         3
 Tukima's Dance           Hex            Unusable     N/A         3
 Summon Ice Beast         Ice/Summ       Unusable     N/A         4
 Summon Lightning Spire   Summ/Air       Unusable     N/A         4
 Dragon's Call            Summ           Unusable     N/A         9

Dungeon Overview and Level Annotations

Branches:
Dungeon (15/15)            Temple (1/1) D:5            Lair (6/6) D:9
 Shoals (0/4) Lair:2        Snake (1/4) Lair:2        Slime (0/5) Lair:6
    Orc (2/2) D:11            Elf (0/3) Orc:2        Vaults (0/5) D:13
 Depths (0/5) D:15         Bailey (visited)           IceCv (visited)
Volcano (visited)         Gauntlet (visited)

Altars:
Ashenzari
Cheibriados
Dithmenos
Elyvilon
Fedhas
Gozag
Hepliaklqana
Kikubaaqudgha
Makhleb
Nemelex Xobeh
Okawaru
Qazlal
Ru
Sif Muna
Trog
Uskayaw
Vehumet
Wu Jian
Xom
Yredelemnul
Zin
The Shining One

Shops:
D:4 [   D:10 (   Orc:2 (?:=

Annotations:
D:13 2 runed translucent doors
Lair:2 2 transporters, Reiness's ghost, journeyman BaSk
Orc:1 3 runed translucent doors, ma3's ghost, journeyman HOIE


Innate Abilities, Weirdness & Mutations

((You have large cloven feet.))
((You are mostly covered in molten scales. (AC +3)))
Your demonic aura often causes spilled blood to erupt in flames Your magical capacity is low. (-10% MP)
You are powered by pain.
You cannot drink potions while threatened.
You are hated by all.
((You have a beak for a mouth.))
You are very dopey. (Int -4)
You are frail. (-10% HP)
You are strong-willed. (Will+)
You expend magic power (3 MP) to strengthen your wands.


Message History

The naga sharpshooter is heavily wounded.
You maul the naga sharpshooter!!!
You kill the naga sharpshooter!
You hear an angry hiss.
You hear a shout!
You cannot drink potions in your current state!
Unknown command.
A naga sharpshooter is nearby!
You can drink potions again.
You feel less exhausted.
You feel sick.
The black mamba hisses angrily.
The naga sharpshooter unwields a +0 glaive.
The naga sharpshooter wields a +0 arbalest.
The naga sharpshooter shoots a bolt.
The bolt hits you!
* * * LOW HITPOINT WARNING * * *
You hear an angry hiss. 2 black mambas and a naga come into view.
The naga shouts!
The naga sharpshooter seems to regain its courage.
A naga comes into view. It is wielding a +0 flail.
Items here: ( )) [ †.
You barely miss the naga.
You redirect the naga's attack!
The black mamba hisses angrily.
You hit the naga but do no damage. The naga closely misses you.
The naga sharpshooter is engulfed in blazing flames.
The naga sharpshooter spits poison at you.
The splash of poison misses you.
As you read the scroll of teleportation, it crumbles to dust.
You feel strangely unstable.
You feel sick.
You are no longer poisoned.
The black mamba seems to regain its courage.
You redirect the naga's attack!
The naga sharpshooter mumbles some strange words.
The naga sharpshooter magically shoots a bolt.
The bolt hits you.
* * * LOW HITPOINT WARNING * * *
The naga misses you.
The naga sharpshooter shoots a bolt.
The bolt hits you!!
You feel threatened and lose the ability to drink potions!
You die...

## #...........
#.####.....?.....
##..#............
#......(.N[......
#.N.....N........
#................
#...SS..........
##.NN###........
###D####.......
##.# ....... ###
....... .......
....... .......


You could see 2 naga sharpshooters, 2 black mambas and 3 nagas.

Vanquished Creatures
  Jorgrun (D:13)
  A storm dragon (D:13)
  A nagaraja (Snake:1)
  2 frost giants
  An angel (D:4)
  Nessos (D:13)
  An entropy weaver (shapeshifter) (D:15)
  A minotaur (Gauntlet)
  Snorg (D:13)
  The ghost of Ge0ff the Slicer, a journeyman TeDe of Zin (Lair:3)
  A death ooze (Gauntlet)
  The ghost of trm the Destroyer, a journeyman DsCj of Gozag (Lair:3)
  A yaktaur captain (D:13)
  A naga warrior (Snake:1)
  2 boulder beetles (D:15)
  8 hydras
  A death knight (D:15)
  A catoblepas (D:15)
  2 centaur warriors (D:14)
  3 anacondas
  2 dancing weapons (D:13)
  5 two-headed ogres
  2 death scarabs (Gauntlet)
  A death yak (IceCv)
  A naga sharpshooter (Snake:2)
  4 orc high priests (Orc:2)
  5 tengu warriors
  A shock serpent (Snake:1)
  A hell knight (D:15)
  A sun demon (Volcano)
  A fire crab (D:13)
  An unseen horror (D:11)
  A spectral hydra (Gauntlet)
  A phantasmal warrior (D:13)
  A deep elf archer (D:15)
  3 wizards
  6 orc knights
  16 ugly things
  A wolf spider zombie (D:15)
  A mana viper (Snake:1)
  2 deep elf zephyrmancers (D:12)
  7 deep elf pyromancers
  6 orc sorcerers
  2 manticores
  3 elephants (Lair:6)
  2 cyclopes
  Maurice (D:9)
  An ice statue (IceCv)
  7 black mambas
  2 molten gargoyles (Volcano)
  3 naga magi (Snake:1)
  3 gargoyles
  29 cane toads
  4 rime drakes
  Maggie (D:9)
  2 efreet (D:13)
  A kobold demonologist (D:15)
  A komodo dragon (shapeshifter) (D:14)
  A freezing wraith (D:13)
  3 tengu conjurers
  9 komodo dragons
  3 meliai (D:14)
  15 polar bears
  2 red devils (Volcano)
  6 trolls
  3 hornets
  7 slime creatures
  A wind drake (Lair:2)
  49 blink frogs
  3 tyrant leeches (Lair:6)
  A blink frog (shapeshifter) (D:13)
  A spectral dream sheep (Gauntlet)
  A centaur simulacrum (D:14)
  3 wraiths
  48 yaks
  2 shadows
  A vampire (D:12)
  9 wyverns
  6 basilisks
  2 fire bats (Volcano)
  A spectral fire crab (Gauntlet)
  A steam dragon (Lair:4)
  18 vampire mosquitoes
  5 wargs
  12 nagas
  An acid dragon (D:13)
  Duvessa (D:6)
  19 water moccasins
  2 hell hounds (Volcano)
  4 sky beasts
  An eye of draining (D:12)
  2 black bears
  33 orc warriors
  10 ogres
  35 wolves
  A necrophage (D:6)
  14 centaurs
  7 phantoms
  3 kobold brigands
  39 bullfrogs
  Dowan (D:6)
  A water moccasin skeleton (D:11)
  8 scorpions
  10 wights
  19 killer bees
  8 howler monkeys
  3 electric eels
  A centaur zombie (D:10)
  7 lava snakes (Volcano)
  5 hounds
  A quasit (D:9)
  2 bullfrog skeletons (D:12)
  18 orc priests
  Crazy Yiuf (D:3)
  4 jellies
  4 centaur skeletons
  4 iguanas
  22 orc wizards
  Natasha (D:3)
  7 worker ants
  4 hell rats (Lair:6)
  A howler monkey zombie (D:10)
  A worker ant zombie (D:7)
  18 adders
  14 gnolls
  3 shadow imps
  15 white imps
  2 oozes (D:1)
  4 worms
  6 dart slugs
  12 leopard geckos
  84 orcs
  8 bats
  4 giant cockroaches
  12 goblins
  4 hobgoblins
  7 jackals
  4 quokkas
  3 ball pythons
  5 frilled lizards
  19 kobolds
  A quokka skeleton (D:4)
  A quokka zombie (D:9)
  6 rats
  A butterfly (D:7)
915 creatures vanquished.

Vanquished Creatures (others)
  An ettin (D:13)
  An ogre mage (D:12)
  A centaur warrior (D:13)
  2 wizards (D:12)
  2 polar bears (IceCv)
  A vampire mosquito (D:12)
  A naga (Snake:2)
  A bush (D:9)
  45 fungi
  115 plants
  26 withered plants
196 creatures vanquished.

Grand Total: 1111 creatures vanquished

Notes
Turn   | Place    | Note
-------+----------+-------------------------------------------
     0 | D:1      | kae the Demonspawn Transmuter began the quest for the Orb.
     0 | D:1      | Reached XP level 1. HP: 15/15 MP: 3/3
    96 | D:1      | Reached skill level 2 in Transmutations
   103 | D:1      | Gained mutation: Your demonic aura sometimes causes spilled
                  | blood to erupt in flames [demonic ancestry]
   103 | D:1      | Reached XP level 2. HP: 21/21 MP: 3/5
   295 | D:1      | You fall into a shaft and drop 1 floor!
   831 | D:2      | Reached XP level 3. HP: 22/26 MP: 3/6
  1436 | D:1      | Gained mutation: You sometimes gain a little power by
                  | taking damage. [demonic ancestry]
  1436 | D:1      | Reached XP level 4. HP: 32/32 MP: 7/7
  1811 | D:2      | Learned a level 3 spell: Spider Form
  2097 | D:2      | Found a burning altar of Makhleb.
  2101 | D:2      | Found a basalt altar of Yredelemnul.
  2101 | D:2      | Found a glowing golden altar of the Shining One.
  2114 | D:2      | Found a sparkling altar of Nemelex Xobeh.
  2115 | D:2      | Found a glowing silver altar of Zin.
  2622 | D:3      | Gained mutation: You have large cloven feet. [demonic
                  | ancestry]
  2622 | D:3      | Reached XP level 5. HP: 38/38 MP: 4/8
  2627 | D:3      | Reached skill level 3 in Transmutations
  2920 | D:3      | Noticed Natasha
  2924 | D:3      | Killed Natasha
  2925 | D:3      | Reached skill level 1 in Poison Magic
  3293 | D:3      | Found a runed translucent door.
  3294 | D:3      | Noticed Crazy Yiuf
  3299 | D:3      | Paralysed by Crazy Yiuf for 4 turns
  3307 | D:3      | Killed Crazy Yiuf
  3549 | D:4      | Found Doebrud's Antique Armour Shoppe.
  3555 | D:4      | Bought a warped robe for 153 gold pieces
  3565 | D:4      | Identified the +0 robe of Lekij {rF+ Int+2} (You bought it
                  | in a shop on level 4 of the Dungeon)
  3786 | D:4      | Found a white marble altar of Elyvilon.
  3801 | D:4      | Gained mutation: You sometimes gain power by taking damage.
                  | [demonic ancestry]
  3801 | D:4      | Reached XP level 6. HP: 36/44 MP: 6/10
  3819 | D:4      | Identified the +10 short sword "Dragonslayer" {vorpal,
                  | Will+}
  4178 | D:4      | Found a glowing silver altar of Zin.
  4178 | D:4      | Found a runed translucent door.
  4178 | D:4      | Noticed an angel
  4320 | D:5      | Entered Level 5 of the Dungeon
  4531 | D:5      | Found a staircase to the Ecumenical Temple.
  4549 | Temple   | Entered the Ecumenical Temple
  4846 | Temple   | Became a worshipper of Ru the Awakened
  5314 | D:5      | Noticed a sky beast
  5331 | D:5      | Killed a sky beast
  5332 | D:5      | Gained mutation: Your demonic aura often causes spilled
                  | blood to erupt in flames [demonic ancestry]
  5332 | D:5      | Reached XP level 7. HP: 40/51 MP: 5/11
  5645 | D:5      | Reached skill level 4 in Transmutations
  6671 | D:6      | Identified a scroll of acquirement
  6671 | D:6      | Acquired a +0 pair of boots of rampaging
  6678 | D:6      | Reached skill level 5 in Unarmed Combat
  6707 | D:6      | Noticed Dowan
  6708 | D:6      | Noticed Duvessa
  6713 | D:6      | Reached XP level 8. HP: 58/58 MP: 9/13
  6726 | D:6      | Killed Duvessa
  6728 | D:6      | Killed Dowan
  6917 | D:6      | Reached skill level 5 in Transmutations
  6970 | D:6      | Found a blossoming altar of Fedhas.
  7098 | D:6      | Learned a level 4 spell: Ice Form
  7104 | D:6      | Learned a level 5 spell: Blade Hands
  7482 | D:7      | Found a shimmering altar of Xom.
  7510 | D:7      | Reached skill level 1 in Ice Magic
  8507 | D:8      | Gained mutation: You are powered by pain. [demonic
                  | ancestry]
  8507 | D:8      | Reached XP level 9. HP: 65/65 MP: 12/15
  8737 | D:8      | Paralysed by a hornet for 1 turns
  9409 | D:8      | Found a radiant altar of Vehumet.
  9538 | D:8      | Reached skill level 6 in Transmutations
  9946 | D:8      | Found a radiant altar of Vehumet.
 10459 | D:9      | Found a flagged portal.
 10464 | Bailey   | Entered a bailey
 11133 | Bailey   | Reached skill level 5 in Fighting
 11133 | Bailey   | Reached skill level 5 in Dodging
 11375 | Bailey   | Got a spiked helmet
 11395 | Bailey   | Identified the +1 helmet "Domuop" {rN+ Str+3} (You found it
                  | in a bailey)
 11431 | D:9      | Gained mutation: You are partially covered in molten
                  | scales. (AC +2) [demonic ancestry]
 11431 | D:9      | Reached XP level 10. HP: 62/74 MP: 11/17
 11450 | D:9      | Reached skill level 5 in Spellcasting
 11456 | D:9      | Reached skill level 1 in Armour
 11460 | D:9      | Reached skill level 7 in Transmutations
 12141 | D:9      | Found a staircase to the Lair.
 12245 | D:9      | Noticed Maggie
 12253 | D:9      | Killed Maggie
 12317 | D:9      | Noticed Maurice
 12326 | D:9      | Killed Maurice
 12526 | D:9      | Paralysed by an orc wizard for 3 turns
 13147 | D:9      | Reached skill level 8 in Transmutations
 13231 | D:10     | Entered Level 10 of the Dungeon
 13243 | D:10     | Reached XP level 11. HP: 43/81 MP: 7/19
 13531 | D:10     | Found Guodd's Weapon Emporium.
 13543 | D:10     | Found a shimmering altar of Xom.
 14085 | D:10     | Gained mutation: You are hated by all. [Ru sacrifice]
 14085 | D:10     | Reached * piety under Ru
 14780 | D:11     | Noticed a green ugly thing
 14908 | D:11     | Paralysed by a hornet for 2 turns
 15112 | D:11     | Killed a green ugly thing
 15588 | D:11     | Killed an unseen horror
 15746 | D:11     | Found a staircase to the Orcish Mines.
 16199 | Lair:1   | Entered Level 1 of the Lair of Beasts
 16246 | Lair:1   | Reached skill level 9 in Transmutations
 16251 | Lair:1   | Noticed an eight-headed hydra
 16303 | Lair:1   | Killed a nine-headed hydra
 16850 | Lair:1   | Reached XP level 12. HP: 84/91 MP: 16/22
 17239 | Lair:1   | Gained mutation: You cannot drink potions while threatened.
                  | [Ru sacrifice]
 17239 | Lair:1   | Reached ** piety under Ru
 17239 | Lair:1   | Reached *** piety under Ru
 18112 | Lair:2   | Found a transporter.
 18122 | Lair:2   | Found a transporter.
 18311 | Lair:2   | Found a staircase to the Shoals.
 18599 | Lair:2   | Found a staircase to the Snake Pit.
 18624 | Lair:2   | Reached skill level 10 in Unarmed Combat
 18752 | Lair:2   | Noticed Reiness's ghost (journeyman BaSk)
 19456 | Lair:3   | Reached skill level 10 in Transmutations
 19465 | Lair:3   | Found a gate leading to a gauntlet.
 19497 | Gauntlet | Entered a Gauntlet
 19497 | Gauntlet | Found a transporter.
 19497 | Gauntlet | Found a transporter.
 19497 | Gauntlet | Found a transporter.
 19497 | Gauntlet | Noticed a death ooze
 19600 | Gauntlet | Found a transporter.
 19604 | Gauntlet | Found a transporter.
 19606 | Gauntlet | Noticed a death scarab
 19614 | Gauntlet | Found a transporter.
 19620 | Gauntlet | Found a transporter.
 19622 | Gauntlet | Found a transporter.
 19635 | Gauntlet | Found a transporter.
 19638 | Gauntlet | Noticed a death scarab
 19656 | Gauntlet | Found a transporter.
 19681 | Gauntlet | Found a transporter.
 19684 | Gauntlet | Noticed a queen ant
 19752 | Gauntlet | Found a transporter.
 19758 | Gauntlet | Gained mutation: Your magical capacity is low. (-10% MP)
                  | [Ru sacrifice]
 19805 | Gauntlet | Killed a death ooze
 19982 | Gauntlet | Got a pair of translucent boots
 20024 | Gauntlet | Identified the +2 pair of boots "Uloal" {Str+3 Dex+4} (You
                  | found it in a Gauntlet)
 20038 | Gauntlet | Killed a death scarab
 20042 | Gauntlet | Killed a death scarab
 20300 | Gauntlet | Noticed a minotaur
 20313 | Gauntlet | Killed a minotaur
 20459 | Lair:3   | Found a runed translucent gate.
 20459 | Lair:3   | Found a runed translucent gate.
 20459 | Lair:3   | Found a runed translucent gate.
 20461 | Lair:3   | Noticed trm's ghost (journeyman DsCj)
 20461 | Lair:3   | Noticed Ge0ff's ghost (journeyman TeDe)
 20802 | Lair:3   | Reached XP level 13. HP: 98/98 MP: 16/22
 21606 | Lair:3   | Killed Ge0ff's ghost
 21612 | Lair:3   | Killed trm's ghost
 21686 | Lair:3   | Got an ancient copper ring
 21772 | Lair:4   | Found a dark tunnel.
 21830 | Volcano  | Entered a volcano
 21937 | Volcano  | Identified the ring of the Crushed Persimmons {*Contam
                  | rElec rF++ Will+ Int+6} (You found it on level 3 of the
                  | Lair of Beasts)
 22422 | Volcano  | Found a bloodstained altar of Trog.
 22708 | Volcano  | Reached skill level 11 in Transmutations
 25672 | Lair:6   | Entered Level 6 of the Lair of Beasts
 25673 | Lair:6   | Found a staircase to the Slime Pits.
 26047 | Lair:6   | Gained mutation: You are mostly covered in molten scales.
                  | (AC +3) [demonic ancestry]
 26047 | Lair:6   | Reached XP level 14. HP: 94/108 MP: 16/23
 26444 | Lair:6   | Reached skill level 12 in Transmutations
 28597 | D:12     | Found the +12 glaive of Prune {vorpal}
 29053 | D:12     | Reached skill level 5 in Armour
 29724 | D:13     | Found a runed translucent door.
 29935 | D:13     | Noticed Nessos
 29949 | D:13     | Reached skill level 10 in Fighting
 29950 | D:13     | Killed Nessos
 30313 | D:13     | Noticed Snorg
 30318 | D:13     | Killed Snorg
 30508 | D:13     | Reached XP level 15. HP: 109/115 MP: 19/25
 30543 | D:13     | Got a sparkling golden ring
 30812 | D:13     | Noticed a storm dragon
 30821 | D:13     | Killed a storm dragon
 31101 | D:13     | Noticed a frost giant
 31109 | D:13     | Killed a frost giant
 31389 | D:13     | Found a gate to the Vaults.
 31424 | D:13     | Noticed Jorgrun
 31432 | D:13     | Killed Jorgrun
 31433 | D:13     | Reached skill level 13 in Transmutations
 31516 | D:13     | Found a runed translucent door.
 31517 | D:13     | Found the +2 shield of Resistance {rF++ rC++ Will++}
 32161 | D:13     | Acquired 494 gold pieces
 32221 | Orc:1    | Entered Level 1 of the Orcish Mines
 32276 | Orc:1    | Found a runed translucent gate.
 32276 | Orc:1    | Found a runed translucent gate.
 32276 | Orc:1    | Found a runed translucent gate.
 32657 | Orc:1    | Noticed ma3's ghost (journeyman HOIE)
 32846 | Orc:2    | Entered Level 2 of the Orcish Mines
 32846 | Orc:2    | Found a burning altar of Makhleb.
 32949 | Orc:2    | Found a staircase to the Elven Halls.
 33443 | Orc:2    | Found Fuuntac's Jewellery Emporium.
 34200 | Orc:2    | Found Paomaoh's Antique Weapon Emporium.
 34293 | Orc:2    | Found Halosk's Book Shop.
 34293 | Orc:2    | Found Pophyr's Magic Scroll Shop.
 34424 | Orc:2    | Bought a book of the Dragon for 1080 gold pieces
 34432 | Orc:2    | Learned a level 7 spell: Dragon Form
 35025 | D:14     | Reached skill level 10 in Spellcasting
 35027 | D:14     | Reached skill level 10 in Dodging
 35570 | D:14     | Identified the ring "Cafun" {+Fly rN+ Str+4 Stlth+} (You
                  | found it on level 13 of the Dungeon)
 35812 | D:14     | Gained mutation: You are dopey. (Int -2) [mutagenic glow]
 35833 | D:14     | Gained mutation: You are frail. (-10% HP) [mutagenic glow]
 35849 | D:14     | Gained mutation: Your spells are a little easier to cast,
                  | but a little less powerful. [mutagenic glow]
 35860 | D:14     | Gained mutation: You are very dopey. (Int -4) [mutagenic
                  | glow]
 35884 | D:14     | Gained mutation: You are very frail. (-20% HP) [mutagenic
                  | glow]
 35957 | D:14     | Lost mutation: Your spells are a little easier to cast, but
                  | a little less powerful. [potion of mutation]
 35957 | D:14     | Lost mutation: You are very frail. (-20% HP) [potion of
                  | mutation]
 35957 | D:14     | Gained mutation: You have a beak for a mouth. [potion of
                  | mutation]
 35957 | D:14     | Gained mutation: You are strong-willed. (Will+) [potion of
                  | mutation]
 35957 | D:14     | Gained mutation: You expend magic power (3 MP) to
                  | strengthen your wands. [potion of mutation]
 36139 | D:15     | Entered Level 15 of the Dungeon
 36178 | D:15     | Found a frozen archway.
 36300 | IceCv    | Entered an ice cave
 37255 | IceCv    | Reached XP level 16. HP: 109/109 MP: 21/27
 37684 | IceCv    | Reached skill level 14 in Transmutations
 37879 | IceCv    | Identified the Papyrus of Shifting Ignition
 38411 | D:15     | Found a staircase to the Depths.
 38546 | D:15     | Reached skill level 15 in Transmutations
 38799 | D:15     | Found a hazy altar of Hepliaklqana.
 39268 | Snake:1  | Entered Level 1 of the Snake Pit
 40100 | Snake:1  | You fall into a shaft and drop 1 floor!
 40121 | Snake:2  | HP: 7/168 [naga sharpshooter/bolt (6)]
 40138 | Snake:2  | HP: 8/165 [naga sharpshooter/bolt (6)]
 40142 | Snake:2  | Shot with a bolt by a naga sharpshooter

Illustrated notes

Levels and vault maps discovered:
D:1:      heliophobic_arrival_ceremonial_halls, layout_basic,
          minmay_tetromino_o4
D:2:      layout_loops_ring, grunt_temple_overflow_open, grunt_decor_cap,
          grunt_ministairs_8
D:3:      layout_loops_ring, grunt_ministairs_2, kennysheep_boxes, uniq_natasha,
          uniq_crazy_yiuf_cottage
D:4:      layout_basic, elyvilon_altar_1, serial_shops, shop_fountains,
          lemuel_angel_altar
D:5:      layout_loops_corners, minmay_temple_entry_sparse_star, serial_bayou,
          serial_bayou_lagoon_b, serial_bayou_pond_a, serial_bayou_pond_b,
          serial_bayou_pond_d, serial_bayou_shore_a, grunt_decor_junction
D:6:      layout_rooms, fedhas_ov_isle_minmay, uniq_duvessa
D:7:      layout_loops_ring, xom_butterflies
D:8:      layout_loops_ring, lemuel_doored_altar
D:9:      layout_stronghold, minmay_lair_entry_grove, enter_bailey_3,
          uniq_maggie, uniq_maurice
D:10:     layout_cave_pools, serial_shops, nicolae_shop_statue_plus,
          roderic_roman_lattice, xom_teletrap_fun
D:11:     layout_roguey, minmay_orc_entry_guard_dogs, minmay_lizard_king
D:12:     layout_layer_cave, minmay_guarded_unrand_prune
D:13:     minmay_box_of_curves, layout_basic, erik_vaults_1,
          minmay_misc_feat_secret_circle, minmay_guarded_unrand_resistance,
          uniq_nessos, uniq_snorg, uniq_jorgrun
D:14:     layout_roguey, minmay_tree_intersection
D:15:     hangedman_depths_entry_civil_slaughter, layout_basic, basic_altar,
          kennysheep_flooded_box, portal_ice_cave_entry_imps
Temple:   oiseaux_autumnal_temple
Lair:1:   layout_cave_pods, nicolae_quartered_pool_medium, grunt_megastairs_2
Lair:2:   layout_small_grid, minmay_shoals_entry_beasts,
          minmay_snake_entry_six_corridors, gammafunk_ghost_hive
Lair:3:   layout_cave_pods, gammafunk_ghost_cemetery, gauntlet_entry_generic,
          grunt_megastairs_3
Lair:4:   layout_regular_city, nicolae_volcano_entry_two_sided, st_stairs_7
Lair:5:   layout_roguey, grunt_megastairs_5
Lair:6:   minmay_lair_end_frog_pond, layout_regular_city, slime_dummy
Snake:1:  layout_basic, serial_corexii_hall, corexii_hall_statues_i,
          corexii_hall_statues_t, basic_altar
Snake:2:  layout_cave_pods, basic_altar, grunt_ministairs_14, uniq_aizul,
          uniq_asterion
Orc:1:    layout_caves, ebering_ghost_rock_garden
Orc:2:    st_orc_elflike, layout_caves, basic_altar

Skill      XL: |  1  2  3  4  5  6  7  8  9 10 11 12 13 14 15 16 |
---------------+-------------------------------------------------+-----
Transmutations | 2 3 4 5 6 8 9 10 11 12 13 15 | 15.7
Unarmed Combat | 3 4 5 6 7 8 9 10 11 12 13 14 | 14.0
Dodging        | 2 3 4 5 6 7 8 9 10 | 10.1
Fighting       | 2 3 4 5 7 8 9 10 11 | 11.0
Poison Magic   | 1 2 |  2.0
Spellcasting   | 3 4 5 6 7 8 9 10 | 10.1
Ice Magic      | 2 4 |  4.0
Armour         | 3 5 |  5.0

Action                   |  1- 3 |  4- 6 |  7- 9 | 10-12 | 13-15 | 16-18 || total
-------------------------+-------+-------+-------+-------+-------+-------++-------
Melee: Unarmed           |   113 |   173 |   385 |   541 |   991 |   197 ||  2400
       Kick              |    21 |    20 |    12 |       |       |       ||    53
       Headbutt          |    12 |    11 |       |       |       |       ||    23
       Punch             |       |     1 |       |     9 |    53 |    13 ||    76
       Tailslap          |       |       |       |       |     7 |     3 ||    10
       Peck              |       |       |       |       |     5 |    24 ||    29
       Bite              |       |       |       |       |     3 |     1 ||     4
 Cast: Beastly Appendage |    19 |    16 |     1 |       |       |     5 ||    41
       Spider Form       |       |    10 |    40 |       |       |       ||    50
       Ice Form          |       |       |    10 |    37 |     5 |     5 ||    57
       Blade Hands       |       |       |       |    33 |   119 |    17 ||   169
       Dragon Form       |       |       |       |       |     3 |     3 ||     6
Invok: Reject Sacrifices |       |       |     1 |       |     3 |       ||     4
       Sacrifice Love    |       |       |       |     1 |       |       ||     1
       Sacrifice Drink   |       |       |       |     1 |       |       ||     1
       Sacrifice Essence |       |       |       |     1 |       |       ||     1
       Draw Out Power    |       |       |       |       |     2 |     1 ||     3
 Abil: End Transformatio |       |       |     2 |       |       |     1 ||     3
       Breathe Fire      |       |       |       |       |     1 |     1 ||     2
Evoke: Wand              |       |       |     3 |     4 |     1 |       ||     8
  Use: Potion            |     1 |       |       |     1 |     2 |       ||     4
       Scroll            |       |    13 |    11 |     7 |     8 |     6 ||    45
 Stab: Sleeping          |       |       |     1 |     1 |       |       ||     2
       Paralysed         |       |       |       |     2 |       |       ||     2
       Distracted        |       |       |       |       |     4 |       ||     4
       Invisible         |       |       |       |       |     7 |       ||     7
       Petrifying        |       |       |       |       |       |     1 ||     1
Armor: Robe              |    41 |    35 |    13 |       |       |       ||    89
       Skin              |       |    14 |    59 |    74 |    88 |    17 ||   252
       Leather armour    |       |       |       |    96 |   242 |    28 ||   366
Dodge: Dodged            |    74 |   128 |   365 |   384 |   768 |   140 ||  1859

Table legend: (Time is in decaauts)
 A = Elapsed time spent in this place.
 B = Non-inter-level travel time spent in this place.
 C = Inter-level travel time spent in this place.
 D = Time resting spent in this place.
 E = Time spent auto-exploring this place.
 F = Levels seen in this place.
 G = Mean time per level.
                   A        B        C        D        E       F      G
               +--------+--------+--------+--------+--------+-----+--------+
         Total |  39847 |  38062 |   1785 |   3402 |  29062 |  30 | 1328.2 |
       Dungeon |  22018 |  20916 |   1102 |   1371 |  16463 |  15 | 1467.9 |
        Temple |    337 |    277 |     60 |      0 |    274 |   1 |  337.0 |
          Lair |   9715 |   9260 |    455 |    614 |   7610 |   6 | 1619.2 |
     Snake Pit |    702 |    702 |      0 |     70 |    471 |   2 |  351.0 |
  Orcish Mines |   2257 |   2090 |    167 |      0 |   1741 |   2 | 1128.5 |
        Bailey |    944 |    944 |      0 |    528 |    179 |   1 |  944.0 |
      Ice Cave |   1639 |   1639 |      0 |    666 |    672 |   1 | 1639.0 |
       Volcano |   1331 |   1331 |      0 |     44 |   1024 |   1 | 1331.0 |
      Gauntlet |    900 |    900 |      0 |    108 |    628 |   1 |  900.0 |
               +--------+--------+--------+--------+--------+-----+--------+

Top non-repeatable levels by time:
    D:13: 2311 daAuts
     D:9: 2289 daAuts
     D:5: 1974 daAuts
  Lair:1: 1919 daAuts
  Lair:5: 1826 daAuts
  Lair:6: 1725 daAuts
    D:11: 1718 daAuts
   IceCv: 1639 daAuts
     D:8: 1636 daAuts
    D:10: 1557 daAuts
  Lair:2: 1544 daAuts
    D:14: 1508 daAuts
   Orc:2: 1469 daAuts
  Lair:3: 1409 daAuts
 Volcano: 1331 daAuts
